 Dungeon Crawl Stone Soup version 0.21.1-1-g345015f (webtiles) character file.

3112 tidbits the Martial Artist (level 9, -11/68 HPs)
             Began as a Gnoll Transmuter on Mar 6, 2018.
             Was a Believer of Cheibriados.
             Killed from afar by Harold (23 damage)
             ... with a bolt of fire
             ... on level 10 of the Dungeon.
             The game lasted 00:15:25 (1666 turns).

tidbits the Martial Artist (Gnoll Transmuter)       Turns: 1666, Time: 00:15:25

Health: -11/68     AC:  2    Str: 15    XL:     9   Next: 91%
Magic:  23/28      EV: 29    Int: 24    God:    Cheibriados [**....]
Gold:   220        SH:  0    Dex: 29    Spells: 10/21 levels left

rFire    . . .     SeeInvis .     - Unarmed
rCold    . . .     Gourm    .   (shield currently unavailable)
rNeg     . . .     Faith    .   (armour currently unavailable)
rPois    x         Spirit   .   (helmet currently unavailable)
rElec    .         Reflect  .   (cloak currently unavailable)
rCorr    .         Harm     .   (gloves currently unavailable)
MR       .....                  (boots currently unavailable)
Stlth    ++++......             (no amulet)
HPRegen  0.21/turn              p - +4 ring of dexterity
MPRegen  0.21/turn              x - ring of magical power

@: spider-form, very slow
A: tiny, distributed training, clever 1, sense surroundings 1, weak 1,
MP-powered wands, strong nose
a: End Transformation, Bend Time, Renounce Religion


You were on level 10 of the Dungeon.
You worshipped Cheibriados.
Cheibriados was pleased with you.
You were not hungry.
You were a venomous arachnid creature.
You visited 1 branch of the dungeon, and saw 11 of its levels.

You collected 220 gold pieces.

Inventory:

Hand Weapons
 e - a +0 dagger (melded)
 m - a +0 dagger of speed
   (You took it off a goblin on level 3 of the Dungeon)
 A - a +0 shortbow
Missiles
 a - 80 arrows
 l - 22 stones (quivered)
Armour
 B - a +0 robe (melded)
 G - a +0 pair of gloves (melded)
Jewellery
 p - a +4 ring of dexterity (left front leg)
   (You found it on level 6 of the Dungeon)
 s - an uncursed ring of fire
   (You found it on level 8 of the Dungeon)
 v - an uncursed amulet of guardian spirit
   (You found it on level 9 of the Dungeon)
 x - a ring of magical power (right front leg)
   (You found it on level 10 of the Dungeon)
Wands
 k - a wand of digging (8)
Scrolls
 h - 3 scrolls of noise
 o - a scroll of immolation {unknown}
 r - a scroll of enchant armour {unknown}
 t - a scroll of teleportation
 y - a scroll of blinking
 D - a scroll of remove curse {unknown}
Potions
 g - a potion of flight
 i - a potion of magic
 n - a potion of haste
 q - 2 potions of ambrosia
 u - a potion of resistance
Books
 c - a book of Changes

   Spells                             Type                      Level
   a - Beastly Appendage              Transmutation                1
   b - Sticks to Snakes               Transmutation                2
   c - Spider Form                    Transmutation/Poison         3
   d - Ice Form                       Ice/Transmutation            4
   e - Blade Hands                    Transmutation                5
Comestibles
 d - 7 rations


   Skills:
 + Level 5.3 Fighting
 + Level 4.6 Short Blades
 + Level 4.6 Long Blades
 + Level 4.6 Axes
 + Level 4.6 Maces & Flails
 + Level 4.6 Polearms
 + Level 4.6 Staves
 + Level 4.6 Slings
 + Level 4.6 Bows
 + Level 4.6 Crossbows
 + Level 4.6 Throwing
 + Level 4.6 Armour
 + Level 6.6 Dodging
 + Level 4.6 Stealth
 + Level 4.6 Shields
 + Level 8.1 Unarmed Combat
 + Level 6.9 Spellcasting
 + Level 3.8 Conjurations
 + Level 3.8 Hexes
 + Level 3.8 Charms
 + Level 3.8 Summonings
 + Level 3.8 Necromancy
 + Level 3.8 Translocations
 + Level 5.4 Transmutations
 + Level 3.8 Fire Magic
 + Level 3.8 Ice Magic
 + Level 3.8 Air Magic
 + Level 3.8 Earth Magic
 + Level 3.8 Poison Magic
 + Level 5.1 Invocations
 + Level 4.6 Evocations


You had 10 spell levels left.
You knew the following spells:

 Your Spells              Type           Power        Failure   Level  Hunger
e - Beastly Appendage     Tmut           ####..       4%          1    None
h - Blade Hands           Tmut           ####......   43%         5    #####..
k - Sticks to Snakes      Tmut           ####....     5%          2    None
p - Spider Form           Tmut/Pois      ####......   11%         3    None


Dungeon Overview and Level Annotations

Branches:
Dungeon (11/15)            Temple (0/1) D:6
   Lair: D:8-11         Orc: D:9-12

Altars:
Cheibriados
Gozag
Trog
Vehumet

Annotations:
D:10 Erolcha, Harold


Innate Abilities, Weirdness & Mutations

Your experience applies equally to all skills.
((You have very sharp teeth.))
Your uncanny sense of smell can sniff out nearby items.
Your mind is acute. (Int +2)
You passively map a small area around you.
You are weak. (Str -2)
You expend magic power (3 MP) to strengthen your wands.


Message History

There is an open door here.
You feel a little less mighty now.
You open the door.
Harold the Weathered comes into view.
He is wielding a long sword of slicing.
Casting: Sticks to Snakes
Confirm with . or Enter, or press ? or * to list all spells.
You turn into a venomous arachnid creature.
Your +0 dagger melds into your body.
Your +0 pair of gloves melds into your body.
Your +0 robe melds into your body.
Unknown command.
Found a ration.
There is an open door here.
The helpless sky beast fails to defend itself.
You hit the sky beast.
The sky beast is poisoned.
The sky beast is moderately wounded.
The sky beast completely misses you.
You hit the sky beast but do no damage.
The sky beast looks even sicker.
The sky beast is moderately wounded.
The sky beast flickers out of sight!
Something hits you.
* * * LOW HITPOINT WARNING * * *
Something shocks you.
* * * LOW HITPOINT WARNING * * *
You completely miss something. Something misses you.
You hit something. Something misses you. The adder zombie barely misses you.
Something misses you. The adder zombie completely misses you.
There is an open door here.
You barely miss something. Something hits you but does no damage.
You hit something. Something closely misses you.
You hit something.
Cheibriados appreciates the change of pace.
You feel a bit more experienced.
You bite the adder zombie!
The adder zombie is almost destroyed.
The adder zombie bites you.
* * * LOW HITPOINT WARNING * * *
You bite the adder zombie!
You destroy the adder zombie!
Cheibriados appreciates the change of pace.
Your transformation has ended.
Your +0 dagger unmelds from your body.
Your +0 pair of gloves unmelds from your body.
Your +0 robe unmelds from your body.
There is an open door here.
You see here 9 gold pieces.
The helpless Harold fails to defend himself.
You perforate Harold like a sieve!!!
Harold is heavily wounded.
Harold barely misses you.
Casting: Spider Form
Confirm with . or Enter, or press ? or * to list all spells.
You turn into a venomous arachnid creature.
Your +0 dagger melds into your body.
Your +0 pair of gloves melds into your body.
Your +0 robe melds into your body.
Harold hits you with a long sword of slicing.
* * * LOW HITPOINT WARNING * * *
x2
Casting: Spider Form
Confirm with . or Enter, or press ? or * to list all spells.
You create 2 snakes!
You now have 80 arrows.
Harold misses you.
You hit Harold.
Harold is poisoned.
Harold is heavily wounded.
Your ball python bites Harold but does no damage.
Your ball python grabs Harold.
Your ball python constricts Harold.
Harold points at your ball python and mumbles some strange words.
The bolt of fire hits your ball python.
Your ball python dies!
You barely miss Harold.
Harold shouts!
Harold is heavily wounded.
Your ball python barely misses Harold. x2
You hit Harold.
Harold is heavily wounded.
Harold thinks, and says "Perhaps I'll take up painting after I'm done here..."
Harold hits you with a long sword of slicing!
* * * LOW HITPOINT WARNING * * *
x2 Your ball python bites Harold but does no damage.
Your ball python grabs Harold.
Your ball python constricts Harold.
A bullfrog comes into view.
You hit Harold but do no damage.
Harold looks as sick as possible!
Harold is heavily wounded.
Harold hits you with a long sword of slicing.
* * * LOW HITPOINT WARNING * * *
x2 Your ball python bites Harold.
Your ball python constricts Harold.
Unknown command.
You feel better.
Your ball python bites Harold but does no damage.
Your ball python constricts Harold.
Harold hits your ball python with a long sword of slicing!
Your ball python dies!
Harold shouts!
You bite Harold!
Harold looks as sick as possible!
Harold is severely wounded.
You hit Harold.
Harold looks as sick as possible!
Harold is severely wounded.
Harold points at you and mumbles some strange words.
The bolt of fire hits you!
You die...

* #.# #)...## , #.#
####... , * #.#
####### * ,,
######'#### #......
#.........# #......
, *
#.%.......####......
#.........#..'......
*
+.........#.##......
, *
#..s......#.##......
, *
#.@.......#.##......
, ,
#..F......'.##......
,
#.........#####+####
* ###'####### * #.#*
#.. * ##.*


You could see Harold and a bullfrog.

Vanquished Creatures
  Pikel (D:4)
  A cyclops (D:10)
  2 trolls (D:10)
  Grinder (D:4)
  A shadow (D:11)
  Eustachio (D:4)
  An orc warrior (D:6)
  An eye of draining (D:10)
  2 sky beasts
  2 ice beasts
  2 slaves (D:4)
  2 ogres
  2 centaurs
  A bullfrog (D:9)
  A wyvern zombie (D:9)
  A killer bee (D:8)
  A bullfrog zombie (D:11)
  A crimson imp (D:9)
  A hound (D:7)
  A centaur zombie (D:6)
  2 jellies
  An orc priest (D:3)
  3 orc wizards
  3 worker ants
  4 adders
  An adder skeleton (D:9)
  An adder zombie (D:10)
  A leopard gecko (D:3)
  14 orcs
  4 goblins
  2 hobgoblins (D:3)
  2 jackals (D:5)
  A quokka (D:9)
  A kobold (D:2)
  A rat (D:2)
67 creatures vanquished.

Vanquished Creatures (collateral kills)
  An orc (D:4)
  A quokka (D:9)
2 creatures vanquished.

Vanquished Creatures (others)
  A ball python (D:4)
  A jackal skeleton (D:4)
2 creatures vanquished.

Grand Total: 71 creatures vanquished

Notes
Turn   | Place    | Note
-------+----------+-------------------------------------------
     0 | D:1      | tidbits the Gnoll Transmuter began the quest for the Orb.
     0 | D:1      | Reached XP level 1. HP: 17/17 MP: 6/6
   117 | D:3      | Noticed an orc priest
   125 | D:3      | Killed an orc priest
   125 | D:3      | Reached skill level 5 in Spellcasting
   125 | D:3      | Reached XP level 2. HP: 23/23 MP: 6/8
   125 | D:3      | Reached XP level 3. HP: 28/28 MP: 6/9
   193 | D:3      | Learned a level 2 spell: Sticks to Snakes
   197 | D:3      | Learned a level 3 spell: Spider Form
   203 | D:3      | Reached skill level 1 in Short Blades
   203 | D:3      | Reached skill level 1 in Long Blades
   203 | D:3      | Reached skill level 1 in Axes
   203 | D:3      | Reached skill level 1 in Maces & Flails
   203 | D:3      | Reached skill level 1 in Polearms
   203 | D:3      | Reached skill level 1 in Staves
   203 | D:3      | Reached skill level 1 in Slings
   203 | D:3      | Reached skill level 1 in Bows
   203 | D:3      | Reached skill level 1 in Crossbows
   203 | D:3      | Reached skill level 1 in Throwing
   203 | D:3      | Reached skill level 1 in Armour
   203 | D:3      | Reached skill level 1 in Stealth
   203 | D:3      | Reached skill level 1 in Shields
   203 | D:3      | Reached skill level 1 in Invocations
   203 | D:3      | Reached skill level 1 in Evocations
   203 | D:3      | Reached XP level 4. HP: 34/34 MP: 7/11
   331 | D:4      | Found an opulent altar of Gozag.
   333 | D:4      | Found a snail-covered altar of Cheibriados.
   334 | D:4      | Found a radiant altar of Vehumet.
   334 | D:4      | Noticed an ogre
   344 | D:4      | Killed an ogre
   344 | D:4      | Reached skill level 3 in Fighting
   344 | D:4      | Reached skill level 1 in Conjurations
   344 | D:4      | Reached skill level 1 in Hexes
   344 | D:4      | Reached skill level 1 in Charms
   344 | D:4      | Reached skill level 1 in Summonings
   344 | D:4      | Reached skill level 1 in Necromancy
   344 | D:4      | Reached skill level 1 in Translocations
   344 | D:4      | Reached skill level 1 in Fire Magic
   344 | D:4      | Reached skill level 1 in Ice Magic
   344 | D:4      | Reached skill level 1 in Air Magic
   344 | D:4      | Reached skill level 1 in Earth Magic
   344 | D:4      | Reached skill level 1 in Poison Magic
   344 | D:4      | Reached XP level 5. HP: 41/41 MP: 1/12
   355 | D:4      | Became a worshipper of Cheibriados the Contemplative
   373 | D:4      | Noticed Grinder
   385 | D:4      | Learned a level 5 spell: Blade Hands
   392 | D:4      | Killed Grinder
   392 | D:4      | Reached skill level 2 in Short Blades
   392 | D:4      | Reached skill level 2 in Long Blades
   392 | D:4      | Reached skill level 2 in Axes
   392 | D:4      | Reached skill level 2 in Maces & Flails
   392 | D:4      | Reached skill level 2 in Polearms
   392 | D:4      | Reached skill level 2 in Staves
   392 | D:4      | Reached skill level 2 in Slings
   392 | D:4      | Reached skill level 2 in Bows
   392 | D:4      | Reached skill level 2 in Crossbows
   392 | D:4      | Reached skill level 2 in Throwing
   392 | D:4      | Reached skill level 2 in Armour
   392 | D:4      | Reached skill level 5 in Dodging
   392 | D:4      | Reached skill level 2 in Stealth
   392 | D:4      | Reached skill level 2 in Shields
   392 | D:4      | Reached skill level 4 in Transmutations
   392 | D:4      | Reached skill level 2 in Invocations
   392 | D:4      | Reached skill level 2 in Evocations
   392 | D:4      | Reached XP level 6. HP: 47/47 MP: 2/14
   425 | D:4      | Noticed Eustachio
   434 | D:4      | Noticed a slave
   434 | D:4      | Killed Eustachio
   434 | D:4      | Reached skill level 7 in Unarmed Combat
   434 | D:4      | Reached XP level 7. HP: 36/52 MP: 6/15
   461 | D:4      | Noticed Pikel
   476 | D:4      | Killed Pikel
   476 | D:4      | Reached skill level 4 in Fighting
   476 | D:4      | Reached skill level 2 in Conjurations
   476 | D:4      | Reached skill level 2 in Hexes
   476 | D:4      | Reached skill level 2 in Charms
   476 | D:4      | Reached skill level 2 in Summonings
   476 | D:4      | Reached skill level 2 in Necromancy
   476 | D:4      | Reached skill level 2 in Translocations
   476 | D:4      | Reached skill level 2 in Fire Magic
   476 | D:4      | Reached skill level 2 in Ice Magic
   476 | D:4      | Reached skill level 2 in Air Magic
   476 | D:4      | Reached skill level 2 in Earth Magic
   476 | D:4      | Reached skill level 2 in Poison Magic
   476 | D:4      | Reached skill level 3 in Invocations
   476 | D:4      | Reached XP level 8. HP: 23/60 MP: 1/16
   504 | D:5      | Entered Level 5 of the Dungeon
   651 | D:5      | Reached skill level 3 in Short Blades
   651 | D:5      | Reached skill level 3 in Long Blades
   651 | D:5      | Reached skill level 3 in Axes
   651 | D:5      | Reached skill level 3 in Maces & Flails
   651 | D:5      | Reached skill level 3 in Polearms
   651 | D:5      | Reached skill level 3 in Staves
   651 | D:5      | Reached skill level 3 in Slings
   651 | D:5      | Reached skill level 3 in Bows
   651 | D:5      | Reached skill level 3 in Crossbows
   651 | D:5      | Reached skill level 3 in Throwing
   651 | D:5      | Reached skill level 3 in Armour
   651 | D:5      | Reached skill level 3 in Stealth
   651 | D:5      | Reached skill level 3 in Shields
   651 | D:5      | Reached skill level 3 in Evocations
   754 | D:6      | Found a staircase to the Ecumenical Temple.
   804 | D:7      | Found a bloodstained altar of Trog.
   819 | D:7      | Reached * piety under Cheibriados
   854 | D:6      | Reached skill level 6 in Spellcasting
   864 | D:6      | HP: 3/60 [orc warrior/halberd (19)]
   879 | D:6      | HP: 4/60 [orc wizard/magic dart (5)]
  1307 | D:9      | Reached skill level 4 in Invocations
  1310 | D:10     | Entered Level 10 of the Dungeon
  1329 | D:11     | Reached skill level 3 in Conjurations
  1329 | D:11     | Reached skill level 3 in Hexes
  1329 | D:11     | Reached skill level 3 in Charms
  1329 | D:11     | Reached skill level 3 in Summonings
  1329 | D:11     | Reached skill level 3 in Necromancy
  1329 | D:11     | Reached skill level 3 in Translocations
  1329 | D:11     | Reached skill level 3 in Fire Magic
  1329 | D:11     | Reached skill level 3 in Ice Magic
  1329 | D:11     | Reached skill level 3 in Air Magic
  1329 | D:11     | Reached skill level 3 in Earth Magic
  1329 | D:11     | Reached skill level 3 in Poison Magic
  1332 | D:11     | Noticed a shadow
  1340 | D:11     | Killed a shadow
  1340 | D:11     | Reached skill level 6 in Dodging
  1340 | D:11     | Reached skill level 5 in Transmutations
  1340 | D:11     | Reached XP level 9. HP: 66/66 MP: 18/18
  1398 | D:11     | Noticed a troll
  1403 | D:11     | Noticed a troll
  1414 | D:10     | Killed a troll
  1414 | D:10     | Reached ** piety under Cheibriados
  1441 | D:10     | Reached skill level 4 in Short Blades
  1441 | D:10     | Reached skill level 4 in Long Blades
  1441 | D:10     | Reached skill level 4 in Axes
  1441 | D:10     | Reached skill level 4 in Maces & Flails
  1441 | D:10     | Reached skill level 4 in Polearms
  1441 | D:10     | Reached skill level 4 in Staves
  1441 | D:10     | Reached skill level 4 in Slings
  1441 | D:10     | Reached skill level 4 in Bows
  1441 | D:10     | Reached skill level 4 in Crossbows
  1441 | D:10     | Reached skill level 4 in Throwing
  1441 | D:10     | Reached skill level 4 in Armour
  1441 | D:10     | Reached skill level 4 in Stealth
  1441 | D:10     | Reached skill level 4 in Shields
  1441 | D:10     | Reached skill level 4 in Evocations
  1486 | D:10     | Killed a troll
  1486 | D:10     | Reached skill level 5 in Fighting
  1498 | D:10     | Noticed a two-headed ogre
  1563 | D:10     | Noticed Erolcha
  1571 | D:10     | Noticed a cyclops
  1573 | D:10     | Gained mutation: You expend magic power (3 MP) to strengthen your wands. [potion of mutation]
  1573 | D:10     | Gained mutation: You are weak. (Str -2) [potion of mutation]
  1573 | D:10     | Gained mutation: You passively map a small area around you. [potion of mutation]
  1573 | D:10     | Gained mutation: Your mind is acute. (Int +2) [potion of mutation]
  1585 | D:10     | Killed a cyclops
  1585 | D:10     | Reached skill level 8 in Unarmed Combat
  1605 | D:9      | Reached skill level 5 in Invocations
  1631 | D:10     | Noticed Harold
  1663 | D:10     | HP: 4/68 [Harold/long sword of slicing (5)]
  1666 | D:10     | Killed from afar by Harold

Skill      XL: |  1  2  3  4  5  6  7  8  9 |
---------------+----------------------------+-----
Spellcasting   | 5 6 |  6.9
Short Blades   | 1 2 3 4 |  4.6
Long Blades    | 1 2 3 4 |  4.6
Axes           | 1 2 3 4 |  4.6
Maces & Flails | 1 2 3 4 |  4.6
Polearms       | 1 2 3 4 |  4.6
Staves         | 1 2 3 4 |  4.6
Slings         | 1 2 3 4 |  4.6
Bows           | 1 2 3 4 |  4.6
Crossbows      | 1 2 3 4 |  4.6
Throwing       | 1 2 3 4 |  4.6
Armour         | 1 2 3 4 |  4.6
Stealth        | 1 2 3 4 |  4.6
Shields        | 1 2 3 4 |  4.6
Invocations    | 1 2 3 4 5 |  5.1
Evocations     | 1 2 3 4 |  4.6
Fighting       | 3 4 5 |  5.3
Conjurations   | 1 2 3 |  3.8
Hexes          | 1 2 3 |  3.8
Charms         | 1 2 3 |  3.8
Summonings     | 1 2 3 |  3.8
Necromancy     | 1 2 3 |  3.8
Translocations | 1 2 3 |  3.8
Fire Magic     | 1 2 3 |  3.8
Ice Magic      | 1 2 3 |  3.8
Air Magic      | 1 2 3 |  3.8
Earth Magic    | 1 2 3 |  3.8
Poison Magic   | 1 2 3 |  3.8
Dodging        | 5 6 |  6.6
Transmutations | 4 5 |  5.4
Unarmed Combat | 7 8 |  8.1

Action                   |  1- 3 |  4- 6 |  7- 9 || total
-------------------------+-------+-------+-------++-------
Melee: Unarmed           |    16 |    34 |   173 ||   223
       Headbutt          |     3 |       |       ||     3
       Bite              |     1 |       |       ||     1
       Dagger            |       |     4 |     4 ||     8
       Kick              |       |     1 |       ||     1
 Cast: Beastly Appendage |     3 |     1 |       ||     4
       Spider Form       |     1 |     3 |    25 ||    29
       Sticks to Snakes  |       |     1 |    13 ||    14
       Blade Hands       |       |     1 |       ||     1
 Abil: End Transformatio |       |       |     1 ||     1
  Use: Scroll            |       |     3 |     6 ||     9
       Potion            |       |     3 |     8 ||    11
 Stab: Sleeping          |     1 |     1 |     9 ||    11
       Distracted        |       |     1 |     2 ||     3
  Eat: Chunk             |       |       |     3 ||     3
Armor: Skin              |     1 |     9 |     4 ||    14
       Robe              |       |     1 |       ||     1
Dodge: Dodged            |     8 |    13 |   163 ||   184

Table legend:
 A = Turns spent in this place as a percentage of turns spent in the entire game.
 B = Non-inter-level travel turns spent in this place as a percentage of non-inter-level travel turns spent in the entire game.
 C = Inter-level travel turns spent in this place as a percentage of turns spent in this place.
 D = Turns resting spent in this place as a percentage of non-inter-level travel turns spent in this place.
 E = Turns spent auto-exploring this place as a percentage of non-inter-level travel turns spent in this place.
 F = Non-inter-level travel turns spent in this place divided by the number of levels of this place that you've seen.
                   A       B       C       D       E      F
               +-------+-------+-------+-------+-------+----------------------
         Total | 100.0 | 100.0 |   0.0 |   0.0 |   0.0 | 151.5
       Dungeon | 100.0 | 100.0 |   0.0 |   0.0 |   0.0 | 151.5
               +-------+-------+-------+-------+-------+----------------------

Table legend:
 A = Kills in this place as a percentage of kills in entire the game.
 B = Kills by you in this place as a percentage of kills by you in the entire game.
 C = Kills by friends in this place as a percentage of kills by friends in the entire game.
 D = Other kills in this place as a percentage of other kills in the entire game.
 E = Experience gained in this place as a percentage of experience gained in the entire game.
 F = Experience gained in this place divided by the number of levels of this place that you have seen.
                   A       B       C       D       E      F
               +-------+-------+-------+-------+-------+----------------------
         Total | 100.0 | 100.0 | 100.0 |   N/A | 100.0 | 404.2
       Dungeon | 100.0 | 100.0 | 100.0 |   N/A | 100.0 | 404.2
               +-------+-------+-------+-------+-------+----------------------

Vault maps used:
D:1:      dpeg_arrival_line_fractal
D:2:      lemuel_round_altar, cheibrodos_gnoll_hut, uniq_jessica
D:4:      yredelemnul_forgotten_temple_becter, kennysheep_mini_moat,
          grunt_temple_overflow_open, kennysheep_mini, serial_bayou,
          serial_bayou_shore_a, serial_bayou_ford_a, serial_bayou_lake_a,
          serial_bayou_lagoon_a, first_ration, uniq_eustachio, uniq_pikel,
          uniq_grinder
D:5:      serial_glass, glass_columns_a, glass_columns_b, glass_columns_a,
          glass_columns_c, glass_columns_b, glass_columns_a, glass_columns_c,
          glass_columns_b
D:6:      minmay_temple_entry_steel_oval
D:7:      minmay_the_grid_triangle_9x9_rhombus_full, lemuel_crystal_altar,
          serial_shops, shop, the_bakery, trog_book
D:8:      corexii_leaking_fountain
D:9:      lemuel_doored_altar, nicolae_overflow_hidden_temple
D:10:     fedhas_altar_fruit_tree, uniq_harold, uniq_fannar, uniq_erolcha
D:11:     erik_lair_orcish_takeover
